 Dungeon Crawl Stone Soup version 0.27.1-2-g3b301248ec (webtiles) character file.

Game seed: 1779832412685855602

7489 ABBCCCDDDD the Arsonist (level 11, -2/69 (72) HPs)
             Began as an Octopode Fire Elementalist on Sept 30, 2021.
             Was an Initiate of Gozag.
             Slain by a wraith (10 damage)
             ... led by Josephine
             ... on level 10 of the Dungeon.
             The game lasted 00:28:55 (17262 turns).

ABBCCCDDDD the Arsonist (OpFE)                     Turns: 17262, Time: 00:28:56

HP:   -2/69 (72)    AC:  1    Str:  8    XL:     11   Next: 16%
MP:   0/17          EV: 14    Int: 32    God:    Gozag
Gold: 658           SH:  5    Dex: 13    Spells: 5/18 levels left

rFire    . . .     SeeInvis .   k - +1 dagger (venom)
rCold    + . .     Faith    .   i - +0 buckler
rNeg     . . .     Spirit   +   (helmet restricted)
rPois    .         Reflect  .   p - amulet of guardian spirit
rElec    .         Harm     .   f - +6 ring of intelligence
rCorr    +         Rampage  .   t - ring of protection from cold
Will     .....                  v - +6 ring of intelligence
Stlth    ++++......             J - ring of resist corrosion
HPRegen  0.21/turn              r - ring of flight
MPRegen  0.15/turn              (no ring)
                                (no ring)
                                (no ring)

@: about to teleport, flying, mesmerised, slowed, lightly drained, very slow
A: almost no armour, amphibious, 8 rings, camouflage 1, gelatinous body 1,
(nimble swimmer 1), tentacles
a: Renounce Religion, Potion Petition, Call Merchant, Bribe Branch


You were on level 10 of the Dungeon.
You worshipped Gozag.
Gozag was pleased with you.
You visited 2 branches of the dungeon, and saw 11 of its levels.

You collected 1138 gold pieces.
You paid 480 gold pieces to Gozag.

Inventory:

Hand Weapons
 c - a +0 short sword
 h - a +0 dagger of speed
 k - a +1 dagger of venom (weapon)
 x - a +1 vorpal trident
Missiles
 n - 5 curare-tipped darts (quivered)
 D - 50 poisoned darts
Armour
 i - a +0 buckler (worn)
Jewellery
 f - a +6 ring of intelligence (left tentacle)
 p - an amulet of guardian spirit (around mantle)
 r - a ring of flight (on tentacle)
 t - a ring of protection from cold (right tentacle)
 v - a +6 ring of intelligence (on tentacle)
 J - a ring of resist corrosion (on tentacle)
Wands
 E - a wand of mindburst (8)
 G - a wand of digging (7)
 H - a wand of paralysis (2)
Scrolls
 d - a scroll of fog
 e - a scroll of silence
 o - a scroll of enchant armour
 q - a scroll of enchant weapon
 s - a scroll of holy word
 w - a scroll of fear
 F - a scroll of amnesia
 I - a scroll of vulnerability
Potions
 a - 6 potions of curing
 b - 4 potions of heal wounds {unknown}
 g - a potion of flight {unknown}
 j - 3 potions of haste {unknown}
 m - a potion of mutation {unknown}
 u - a potion of magic {unknown}
 z - a potion of might {unknown}
 A - a potion of lignification {unknown}
 B - 2 potions of invisibility {unknown}
 C - 3 potions of brilliance {unknown}


   Skills:
 - Level 6.0 Fighting
 - Level 3.0 Short Blades
 - Level 3.8 Dodging
 + Level 7.3 Stealth
 - Level 4.0 Shields
 + Level 4.1 Spellcasting
 + Level 8.0 Conjurations
 + Level 8.7 Fire Magic
 + Level 1.0 Air Magic
 + Level 1.2 Poison Magic
 + Level 6.5 Evocations


You had 5 spell levels left.
You knew the following spells:

 Your Spells              Type           Power      Damage    Failure   Level
a - Foxfire               Conj/Fire      100%       2x1d9     1%          1
b - Sticky Flame          Conj/Fire      57%        2d7       1%          4
c - Fireball              Conj/Fire      28%        3d12      4%          5
d - Mephitic Cloud        Conj/Pois/Air  28%        N/A       4%          3

Your spell library contained the following spells:

 Spells                   Type           Power      Damage    Failure   Level
 Magic Dart               Conj           100%       1d8       1%          1
 Static Discharge         Conj/Air       36%        N/A       1%          2
 Conjure Flame            Conj/Fire      57%        6-21      1%          3
 Inner Flame              Hex/Fire       34%        N/A       2%          3
 Corpse Rot               Necr/Air       N/A        N/A       7%          2
 Call Imp                 Summ           6%         N/A       9%          2
 Ensorcelled Hibernation  Hex/Ice        12%        N/A       9%          2
 Spider Form              Tmut/Pois      5%         N/A       13%         3
 Gell's Gravitas          Tloc           3%         N/A       17%         3
 Teleport Other           Tloc           6%         N/A       17%         3
 Dispel Undead            Necr           6%         3d8       50%         4
 Death Channel            Necr           3%         N/A       100%        6
 Dispersal                Tloc           3%         N/A       100%        6
 Shadow Creatures         Summ           N/A        N/A       100%        6


Dungeon Overview and Level Annotations

Branches:
Dungeon (10/15)            Temple (1/1) D:4             Orc (0/2) D:9
   Lair: D:8-11

Altars:
Ashenzari
Dithmenos
Elyvilon
Fedhas
Gozag
Makhleb
Nemelex Xobeh
Okawaru
Qazlal
Ru
Sif Muna
Trog
Uskayaw
Vehumet
Wu Jian
Xom
Yredelemnul
Zin
The Shining One

Annotations:
D:3 1 runed translucent door, Crazy Yiuf
D:9 Josephine
D:10 Maggie, Nergalle


Innate Abilities, Weirdness & Mutations

You cannot wear most types of armour.
You are amphibious.
You can wear up to eight rings at the same time.
Your skin changes colour to match your surroundings (Stealth+).
Your rubbery body absorbs attacks. (AC +1, EV +1)
((You are camouflaged near water. (Stealth+)))
You have tentacles for arms and can constrict up to eight enemies at once.


Message History

* * * LOW HITPOINT WARNING * * *
The wraith drains your vigour!
You feel as though you will be slow longer.
The wraith barely misses you. The wraith hits you.
* * * LOW HITPOINT WARNING * * *
The wraith hits you.
* * * LOW HITPOINT WARNING * * *
The wraith drains your vigour!
You feel as though you will be slow longer. [a] - 273 gold - heal wounds, curing and berserk rage [b] - 294 gold - resistance and might [c] - 432 gold - heal wounds, berserk rage and magic Purchase which effect?
You no longer have enough gold to fund merchants seeking to open stores in the dungeon.
You feel much better.
You feel better.
You are too mesmerised to rage.
The wraith misses you. The wraith hits you. The wraith drains your vigour!
You feel as though you will be slow longer.
The wraith hits you! The wraith drains your vigour!
You feel as though you will be slow longer.
The wraith barely misses you. The wraith hits you!
The wraith drains your vigour!
You feel as though you will be slow longer.
The wraith hits you but does no damage. The wraith hits you.
The wraith drains your vigour!
You feel as though you will be slow longer.
The wraith hits you.
You cannot move away from Maggie!
Okay, then.
Press: ? - help, v - describe, . - travel
Here: a wraith The floor.
As you read the scroll of teleportation, it crumbles to dust.
You feel strangely unstable.
The wraith misses you. x2; The wraith hits you.
The wraith drains your vigour!
You feel as though you will be slow longer.
The wraith hits you!
* * * LOW HITPOINT WARNING * * *
The wraith hits you!
You die...
Your body crumbles into a pile of gold.

...... ##.###
#............
.#
#.........)..
#............
#............
#....o.......
###..).........
......WW@......
......W@....#
......W.W...#
............#
............#
............#
..............
#........##.##.
#........# .#


You could see Maggie (mesmerising), 5 wraiths and an orc wizard.

Levels and vault maps discovered:
D:1:      wheals_arrival_linesprint, layout_loops_ring
D:2:      layout_rooms, minivault_5
D:3:      layout_rooms, dancing_weapons_uskayaw, marbit_many_paths,
          uniq_crazy_yiuf_cottage
D:4:      layout_cave_pools, minmay_temple_entry_fiery, uniq_natasha
D:5:      layout_loops_ring, uniq_duvessa
D:6:      layout_loops_cross
D:7:      layout_cave_pools, pdpol_temple_overflow_zin_treasury_gozag_greed,
          mainiacjoe_overflow_boulevard, serial_co_window_serial,
          co_window_paths_b, co_window_of_opportunity_a, co_window_corner_a,
          co_window_corner_a, co_window_paths_a, co_window_cross_1,
          co_window_of_opportunity_b, co_window_broadway_b,
          co_window_of_opportunity_b, co_window_sun, glass_columns_b,
          glass_columns_c, lightli_orcish_oven
D:8:      layout_cave_pools, serial_rivers, chequers_serial_rivers_small_b,
          chequers_serial_rivers_room_b, chequers_serial_rivers_large_a,
          chequers_serial_rivers_micro_a, chequers_serial_rivers_large_b,
          skrybe_limestone_x, minmay_fractal_squares_5
D:9:      layout_layer_cave, lemuel_doored_altar, elyvilon_altar_5,
          zombieorc1_lemuel, chequers_decorated_corner, dk_noncrumbling_4,
          palyth_stone_intersect
D:10:     layout_small_grid, gammafunk_temple_overflow_pools,
          kennysheep_vampire_church, erik_lair_island, chequers_mini_garden,
          uniq_maggie, uniq_nergalle, uniq_josephine
Temple:   nicolae_temple_hex_pool

Notes
Turn   | Place    | Note
-------+----------+-------------------------------------------
     0 | D:1      | ABBCCCDDDD the Octopode Fire Elementalist began the quest
                  | for the Orb.
     0 | D:1      | Reached XP level 1. HP: 11/11 MP: 3/3
   364 | D:1      | Reached XP level 2. HP: 18/18 MP: 1/5
   620 | D:1      | Reached skill level 1 in Fighting
   980 | D:1      | Reached XP level 3. HP: 23/23 MP: 0/6
  2775 | D:3      | Noticed a +0 hand axe
  2775 | D:3      | Found a hide-covered altar of Uskayaw.
  2775 | D:3      | Noticed a +0 hand axe
  2870 | D:3      | Reached XP level 4. HP: 29/29 MP: 2/7
  3076 | D:3      | Reached skill level 1 in Short Blades
  4294 | D:3      | Found a sparkling altar of Nemelex Xobeh.
  4333 | D:3      | Reached skill level 1 in Shields
  4466 | D:3      | Learned a level 4 spell: Sticky Flame
  4662 | D:3      | Reached XP level 5. HP: 34/34 MP: 4/8
  4792 | D:3      | Found a runed translucent door.
  4793 | D:3      | Noticed Crazy Yiuf
  5503 | D:4      | Noticed Natasha
  5506 | D:4      | Killed Natasha
  5507 | D:4      | Reached XP level 6. HP: 41/41 MP: 5/9
  6161 | D:4      | Noticed Natasha
  6193 | D:5      | Entered Level 5 of the Dungeon
  6193 | D:5      | Noticed a sky beast
  6429 | D:4      | Killed Natasha
  6829 | D:4      | Found a staircase to the Ecumenical Temple.
  6838 | Temple   | Entered the Ecumenical Temple
  7139 | D:5      | Noticed Dowan
  7209 | D:5      | Killed a sky beast
  7210 | D:5      | Reached XP level 7. HP: 46/46 MP: 6/10
  7497 | D:5      | Noticed Duvessa
  7554 | D:5      | Killed Duvessa
  7587 | D:6      | Reached skill level 5 in Fire Magic
  7657 | D:5      | Killed Dowan
  7658 | D:5      | Reached XP level 8. HP: 54/54 MP: 4/11
  8539 | D:6      | Learned a level 5 spell: Fireball
  8911 | D:7      | Reached skill level 1 in Evocations
  8978 | D:7      | Found a glowing silver altar of Zin.
  9398 | D:7      | Reached skill level 5 in Conjurations
  9704 | D:7      | Reached XP level 9. HP: 42/58 MP: 8/12
  9716 | D:7      | Reached skill level 5 in Stealth
  9963 | D:7      | Found an opulent altar of Gozag.
 10174 | D:7      | Found a sacrificial altar of Ru.
 10358 | D:7      | Became a worshipper of Gozag Ym Sagoz the Greedy
 10756 | D:8      | Noticed a two-headed ogre
 10926 | D:8      | Killed a two-headed ogre
 11389 | D:8      | Reached skill level 5 in Fighting
 11715 | D:8      | Reached XP level 10. HP: 66/66 MP: 9/13
 11834 | D:8      | Reached skill level 5 in Evocations
 13474 | D:9      | Found a white marble altar of Elyvilon.
 14949 | D:9      | Found a shimmering blue altar of Sif Muna.
 15314 | D:9      | Reached XP level 11. HP: 44/72 MP: 1/16
 16201 | D:9      | Found a staircase to the Orcish Mines.
 16470 | D:9      | Learned a level 3 spell: Mephitic Cloud
 16471 | D:10     | Entered Level 10 of the Dungeon
 16559 | D:10     | Reached skill level 1 in Poison Magic
 16568 | D:10     | Noticed Nergalle
 16655 | D:10     | Reached skill level 1 in Air Magic
 16860 | D:10     | Noticed Josephine
 16860 | D:10     | Noticed Maggie
 17262 | D:10     | Slain by a wraith

Table legend: (Time is in decaauts)
 A = Elapsed time spent in this place.
 B = Non-inter-level travel time spent in this place.
 C = Inter-level travel time spent in this place.
 D = Time resting spent in this place.
 E = Time spent auto-exploring this place.
 F = Levels seen in this place.
 G = Mean time per level.
                   A        B        C        D        E       F      G
               +--------+--------+--------+--------+--------+-----+--------+
         Total |  17265 |  16545 |    720 |   8663 |   4851 |  11 | 1569.5 |
       Dungeon |  17195 |  16482 |    713 |   8663 |   4799 |  10 | 1719.5 |
        Temple |     70 |     63 |      7 |      0 |     52 |   1 |   70.0 |
               +--------+--------+--------+--------+--------+-----+--------+

Top non-repeatable levels by time:
     D:9: 3691 daAuts
     D:8: 2818 daAuts
     D:1: 2217 daAuts
     D:2: 1761 daAuts
     D:7: 1735 daAuts
     D:4: 1511 daAuts
     D:3: 1222 daAuts
     D:5: 1110 daAuts
     D:6: 1002 daAuts
    D:10: 122 daAuts
  Temple: 70 daAuts

Table legend:
 A = Kills in this place as a percentage of kills in entire the game.
 B = Kills by you in this place as a percentage of kills by you in the entire game.
 C = Kills by friends in this place as a percentage of kills by friends in the entire game.
 D = Other kills in this place as a percentage of other kills in the entire game.
 E = Experience gained in this place as a percentage of experience gained in the entire game.
 F = Experience gained in this place divided by the number of levels of this place that you have seen.
                   A       B       C       D       E      F
               +-------+-------+-------+-------+-------+----------------------
         Total | 100.0 | 100.0 |   N/A |   N/A | 100.0 | 972.6
       Dungeon | 100.0 | 100.0 |   N/A |   N/A | 100.0 | 1069.9
               +-------+-------+-------+-------+-------+----------------------

Action                   |  1- 3 |  4- 6 |  7- 9 | 10-12 || total
-------------------------+-------+-------+-------+-------++-------
Melee: Unarmed           |    23 |       |       |       ||    23
       Constrict         |     6 |     8 |     3 |    15 ||    32
       Tentacles         |     4 |     7 |     3 |     9 ||    23
       Dagger            |     7 |    32 |    24 |    47 ||   110
       Short sword       |     2 |       |       |       ||     2
Throw: Dart              |       |       |    13 |     1 ||    14
 Cast: Foxfire           |   100 |   119 |   199 |   203 ||   621
       Fireball          |       |       |     1 |    32 ||    33
Invok: Potion Petition   |       |       |       |     2 ||     2
Evoke: Wand              |       |       |     4 |     3 ||     7
  Use: Scroll            |       |     2 |       |    12 ||    14
 Stab: Sleeping          |     1 |     2 |     1 |     1 ||     5
       Paralysed         |       |       |     1 |     1 ||     2
Armor: Skin              |     6 |     1 |     3 |     3 ||    13
Dodge: Dodged            |    25 |    25 |    17 |    44 ||   111
Block: Buckler           |       |     2 |     8 |    15 ||    25

Vanquished Creatures
  A two-headed ogre (D:8)
  A troll (D:10)
  2 shadows (D:9)
  2 wyverns
  14 yaks
  2 steam dragons
  Duvessa (D:5)
  An acid dragon (D:9)
  A water moccasin (D:8)
  An orc warrior (D:9)
  3 sky beasts
  4 ogres
  2 wolves (D:10)
  A centaur (D:8)
  2 phantoms
  A kobold brigand (D:8)
  8 bullfrogs
  A wyvern zombie (D:8)
  A scorpion (D:7)
  Dowan (D:5)
  A water moccasin zombie (D:5)
  11 wights
  4 howler monkeys
  2 electric eels (D:10)
  5 hounds
  A gnoll shaman (D:8)
  4 orc priests
  A centaur skeleton (D:4)
  A bullfrog skeleton (D:5)
  2 iguanas
  Natasha (twice) (D:4)
  2 orc wizards
  6 ogre zombies (D:9)
  A howler monkey zombie (D:7)
  7 gnolls
  3 adders
  2 howler monkey skeletons (D:4)
  A shadow imp (D:8)
  An ufetubus (D:5)
  An adder skeleton (D:4)
  3 dart slugs
  28 orcs
  5 ball pythons
  5 bats
  5 endoplasms
  4 giant cockroaches
  9 goblins
  4 hobgoblins
  13 jackals
  2 quokkas
  3 frilled lizards (D:1)
  A goblin skeleton (D:9)
  3 goblin zombies (D:9)
  A hobgoblin skeleton (D:9)
  2 hobgoblin zombies (D:9)
  7 kobolds
  2 orc skeletons (D:9)
  10 orc zombies (D:9)
  2 rats
217 creatures vanquished.

Vanquished Creatures (others)
  1012 foxfires
  A plant (D:7)
1013 creatures vanquished.

Grand Total: 1230 creatures vanquished
